 Dungeon Crawl Stone Soup version 0.29.1-15-g9cfb28693d (webtiles) character file.

Game seed: 14262124558505368070

44 Alturiack the Digger (level 3, 0/16 HPs)
             Began as a Spriggan Earth Elementalist on Apr 11, 2023.
             Killed from afar by an orc wizard (7 damage)
             ... with a magic dart
             ... on level 3 of the Dungeon.
             The game lasted 00:05:54 (1719 turns).

Alturiack the Digger (Spriggan Earth Elementalist)  Turns: 1719, Time: 00:05:55

Health: 0/16       AC:  2    Str:  4    XL:     3   Next: 39%
Magic:  2/8        EV: 17    Int: 16    God:
Gold:   68         SH:  0    Dex: 17    Spells: 7/8 levels left

rFire   . . .      SeeInvis +   i - +0 sling
rCold   . . .      Faith    .   (no shield)
rNeg    . . .      Spirit   .   a - +0 robe
rPois   .          Reflect  .   (helmet restricted)
rElec   .          Harm     .   (no cloak)
rCorr   .          Rampage  .   (gloves unavailable)
Will    .....                   (boots unavailable)
Stlth   ++........              (no amulet)
HPRegen 0.05/turn               (no ring)
MPRegen 0.11/turn               (no ring)

@: very quick
A: very small, no large weapons, unfitting armour, see invisible, speed 3
a: no special abilities


You were on level 3 of the Dungeon.
You visited 1 branch of the dungeon, and saw 3 of its levels.

You collected 68 gold pieces.

Inventory:

Hand Weapons
 i - a +0 sling (weapon)
Armour
 a - a +0 robe (worn)
Jewellery
 h - a ring of positive energy
Scrolls
 c - a scroll of acquirement {unknown}
 d - 3 scrolls of identify {unknown}
 f - a scroll of teleportation {unknown}
 g - a scroll of torment {unknown}
 j - 2 scrolls of fear {unknown}
 k - 4 scrolls of immolation {unknown}
 l - 2 scrolls of butterflies {unknown}
 p - a scroll of blinking {unknown}
 q - a scroll of enchant weapon {unknown}
Potions
 b - a potion of magic
 e - a potion of degeneration {unknown}
 m - a potion of haste {unknown}
 n - a potion of attraction {unknown}
 o - a potion of heal wounds {unknown}


   Skills:
 - Level 2.6 Dodging
 - Level 3.0 Stealth
 + Level 3.4 Spellcasting
 - Level 1.3 Transmutations
 * Level 3.7 Earth Magic


You had 7 spell levels left.
You knew the following spells:

 Your Spells              Type           Power      Damage    Failure   Level
a - Sandblast             Erth           28%        2d8       3%          1

Your spell library contained the following spells:

 Spells                   Type           Power      Damage    Failure   Level
 Passwall                 Tmut/Erth      8%         N/A       10%         2
 Slow                     Hex            8%         N/A       19%         1
 Stone Arrow              Conj/Erth      16%        3d8       26%         3
 Confusing Touch          Hex            2%         N/A       47%         3
 Vampiric Draining        Necr           2%         2d6       47%         3
 Petrify                  Tmut/Erth      10%        N/A       52%         4


Dungeon Overview and Level Annotations

Branches:
Dungeon (3/15)

Altars:
Fedhas


Innate Abilities, Weirdness & Mutations

You are very small and have problems with some larger weapons.
You are too small for most types of armour.
You have supernaturally acute eyesight. (SInv)
You cover ground extremely quickly. (Speed+++)


Message History

The hobgoblin hits you but does no damage.
The iguana closely misses you. The hobgoblin closely misses you.
Casting: Sandblast (safe; 3% risk of failure)
Confirm with . or Enter, or press ? or * to list all spells.
Aiming: Sandblast (safe; 3% risk of failure)
Press: ? - help, Shift-Dir - straight line, f/p - iguana
Aim: an iguana (moderately wounded, 84% to hit)
The blast of sand hits the iguana but does no damage.
The iguana is moderately wounded.
The iguana misses you. The iguana misses you. The iguana bites you.
Casting: Sandblast (safe; 3% risk of failure)
Confirm with . or Enter, or press ? or * to list all spells.
Aiming: Sandblast (safe; 3% risk of failure)
Press: ? - help, Shift-Dir - straight line, f/p - iguana
Aim: an iguana (moderately wounded, 84% to hit)
The blast of sand hits the iguana.
The iguana is heavily wounded.
Casting: Sandblast (safe; 3% risk of failure)
Confirm with . or Enter, or press ? or * to list all spells.
Aiming: Sandblast (safe; 3% risk of failure)
Press: ? - help, Shift-Dir - straight line, f/p - iguana
Aim: an iguana (heavily wounded, 84% to hit)
The blast of sand hits the iguana.
The iguana is severely wounded.
The iguana bites you.
Casting: Sandblast (safe; 3% risk of failure)
Confirm with . or Enter, or press ? or * to list all spells.
Aiming: Sandblast (safe; 3% risk of failure)
Press: ? - help, Shift-Dir - straight line, f/p - iguana
Aim: an iguana (severely wounded, 84% to hit)
The blast of sand hits the hobgoblin but does no damage.
The hobgoblin barely misses you. 2 orcs come into view.
An orc wizard, an orc and a quokka come into view.
The orc wizard shouts!
The orc wizard gestures at you while chanting.
The magic dart hits you!
You die...

####### ......#
########.# ###.###
##........# ......# ####
#.........# .##...# #..
+.........#
.##...###.####.........
.##..........#......####
.##...#................+
.##...#>..g..l..@#
.<#...#.#.##.##......#
.##.......##.##...##.#
..........##.##o..o.
.#####....##+##.o.o...
.# #....# .r.....# .#
#....# ....#### .#
##+#.# ...... .# #...


You could see an iguana, an orc wizard, 3 orcs, a quokka (wandering) and a
hobgoblin.

Vanquished Creatures
  A ball python (D:2)
  7 bats (D:1)
  7 endoplasms
  3 giant cockroaches
  2 goblins
  3 hobgoblins (D:1)
  3 kobolds
  3 quokkas
  5 frilled lizards
  A rat (D:1)
  A spectral kobold (D:1)
36 creatures vanquished.

Notes
Turn   | Place    | Note
-------+----------+-------------------------------------------
     0 | D:1      | Alturiack the Spriggan Earth Elementalist began the quest
                  | for the Orb.
     0 | D:1      | Reached XP level 1. HP: 9/9 MP: 5/5
   182 | D:1      | Reached XP level 2. HP: 13/13 MP: 2/7
   747 | D:1      | Found a faded altar of an unknown god.
   851 | D:1      | Reached XP level 3. HP: 16/16 MP: 5/8
  1439 | D:2      | Found a blossoming altar of Fedhas.
  1719 | D:3      | Killed from afar by an orc wizard

Illustrated notes

Levels and vault maps discovered:
D:1:      ebering_trefoil_twist, layout_basic,
          dreamdust_ecumenical_altar_drowned_temple
D:2:      layout_rooms, basic_altar
D:3:      minmay_thinvault, layout_basic, minmay_misc_feat_rows, minmay_vboxes,
          uniq_crazy_yiuf_cottage

Skill      XL: |  1 |
---------------+----+-----
Earth Magic    | 3 |  3.7
Spellcasting   | 3 |  3.4
Dodging        | |  2.6
Stealth        | |  3.0
Transmutations | |  1.3

Action                   || total
-------------------------++-------
Melee: Unarmed           ||     1
 Fire: Sling             ||    20
 Cast: Sandblast         ||    44
 Stab: Sleeping          ||     1
Armor: Robe              ||     1
Dodge: Dodged            ||    14
